 Dungeon Crawl Stone Soup version 0.30-a0-802-gb92711bcdf (webtiles) character file.

Game seed: 16672114335476203670

94156 Newt the Basher (level 15, -19/101 HPs)
             Began as a Demonspawn Gladiator on Feb 23, 2023.
             Was the Champion of Hepliaklqana.
             Shot with a bolt by a naga sharpshooter (20 damage)
             ... on level 3 of the Snake Pit.
             The game lasted 00:27:47 (21427 turns).

Newt the Basher (Demonspawn Gladiator)             Turns: 21427, Time: 00:27:48

Health: -19/101    AC: 32    Str: 29    XL:     15   Next: 62%
Magic:  0/29       EV:  8    Int:  9    God:    Hepliaklqana [******]
Gold:   2258       SH:  6    Dex: 14    Spells: 31/34 levels left

rFire   + . .      SeeInvis +    B - +6 hammer "Egg" {freeze, rPois rN+}
rCold   . . .      Faith    .    e - +0 buckler
rNeg    + . .      Spirit   +    k - +5 ring mail of Daffodils {Harm rF+ Str+6}
rPois   +          Reflect  .    c - +0 helmet
rElec   .          Harm     +    d - +2 cloak
rCorr   .          Rampage  .    O - +2 pair of gloves
Will    ++...      NoTele   +    Z - +1 pair of boots {Fly}
Stlth   +                        (no amulet)
HPRegen 0.36/turn                L - ring of Xom's Amusement {Will+ SInv}
MPRegen 0.42/turn                x - +4 ring of slaying

@: lethally poisoned (-19 -> -21), weakened, untranslocatable, sanguine
armoured, flying, constricted
A: reduced essence, ignite blood 2, magic shield, magic regeneration, sanguine
armour 2, weakness stinger 2
a: Renounce Religion, Recall Ancestor, Ancestor Identity, Transference, Idealise


You were on level 3 of the Snake Pit.
You worshipped Hepliaklqana.
Hepliaklqana was exalted by your worship.
You visited 4 branches of the dungeon, and saw 20 of its levels.
You also visited: Ossuary and Volcano.

You collected 2955 gold pieces.
You spent 697 gold pieces at shops.

Inventory:

Hand Weapons
 f - the +12 flail "Hydrabane" {flame, rElec rC++ rCorr Stlth-}
   (You took it off a naga on level 1 of the Snake Pit)

   rC:        It greatly protects you from cold.
   rElec:     It insulates you from electricity.
   rCorr:     It protects you from acid and corrosion.
   Stlth:     It makes you less stealthy.
 B - the +6 hammer "Egg" (weapon) {freeze, rPois rN+}
   (You found it on level 6 of the Dungeon)

   rPois:     It protects you from poison.
   rN:        It protects you from negative energy.
 S - a +3 demon whip of venom
Missiles
 i - 20 poisoned darts
 p - 15 boomerangs
 C - a throwing net
 U - 2 atropa-tipped darts
Armour
 c - a +0 helmet (worn)
 d - a +2 cloak (worn)
 e - a +0 buckler (worn)
 k - the +5 ring mail of Daffodils (worn) {Harm rF+ Str+6}
   (You found it on level 3 of the Dungeon)

   Str:       It affects your strength (+6).
   rF:        It protects you from fire.
   Harm:      It increases damage dealt and taken.
 E - +1 steam dragon scales
 O - a +2 pair of gloves (worn)
 Z - a +1 pair of boots of flying (worn)
Jewellery
 o - a ring of positive energy
 s - a ring of magical power
 x - a +4 ring of slaying (right hand)
 G - the ring of the Howling Gods {rF++ Will- Str+6 Int+4}
   (You took it off a wight on level 8 of the Dungeon)

   [ring of strength]

   Str:       It affects your strength (+6).
   Int:       It affects your intelligence (+4).
   rF:        It greatly protects you from fire.
   Will:      It decreases your willpower.
 K - a +5 ring of evasion
 L - the ring of Xom's Amusement (left hand) {Will+ SInv}
   (You acquired it on level 9 of the Dungeon)

   [ring of see invisible]

   SInv:      It lets you see invisible.
   Will:      It increases your willpower.
 Y - a +6 ring of strength
Wands
 q - a wand of quicksilver (12)
 t - a wand of mindburst (5)
 w - a wand of iceblast (16)
 y - a wand of charming (13)
 I - a wand of digging (9)
 J - a wand of polymorph (10)
 P - a wand of flame (8)
Scrolls
 h - 3 scrolls of enchant armour
 l - a scroll of fog
 A - 7 scrolls of teleportation
 H - 5 scrolls of fear
 M - a scroll of magic mapping
 R - 2 scrolls of identify
 T - a scroll of enchant weapon
 V - 2 scrolls of blinking
 W - a scroll of poison
Potions
 a - a potion of invisibility
 g - 11 potions of curing
 j - 2 potions of lignification
 m - 7 potions of flight
 r - 4 potions of brilliance
 u - a potion of mutation
 v - 2 potions of attraction
 z - 4 potions of might
 D - a potion of magic
 F - a potion of ambrosia
 N - a potion of berserk rage
Miscellaneous
 b - a tin of tremorstones (2/2)
 Q - a phial of floods


   Skills:
 - Level 9.0 Fighting
 - Level 5.7 Short Blades
 - Level 14.0 Maces & Flails
 - Level 1.7 Throwing
 - Level 10.0 Armour
 - Level 2.6 Dodging
 - Level 1.5 Stealth
 - Level 8.0 Shields
 - Level 10.0 Spellcasting
 + Level 7.6 Ice Magic
 - Level 8.0 Invocations
 - Level 9.0 Evocations


You had 31 spell levels left.
You knew the following spells:

 Your Spells              Type           Power      Damage    Failure   Level
a - Frozen Ramparts       Ice            36%        1d6       3%          3

Your spell library contained the following spells:

 Spells                   Type           Power      Damage    Failure   Level
 Freeze                   Ice            72%        1d8       1%          1
 Ensorcelled Hibernation  Hex/Ice        22%        N/A       8%          2
 Hailstorm                Conj/Ice       11%        3d5       16%         3
 Apportation              Tloc           8%         N/A       24%         1
 Sandblast                Erth           8%         2d5       24%         1
 Sting                    Tmut/Pois      16%        1d3       24%         1
 Passwall                 Tmut/Erth      3%         N/A       36%         2
 Poisonous Vapours        Pois/Air       8%         N/A       36%         2
 Gell's Gravitas          Tloc           4%         N/A       58%         3
 Stone Arrow              Conj/Erth      8%         3d7       58%         3
 Swiftness                Air            4%         N/A       58%         3
 Teleport Other           Tloc           4%         N/A       58%         3
 Olgreb's Toxic Radiance  Pois           4%         N/A       94%         4
 Alistair's Intoxication  Tmut/Pois      2%         N/A       100%        5
 Dispersal                Tloc           2%         N/A       100%        6


Dungeon Overview and Level Annotations

Branches:
Dungeon (10/15)            Temple (0/1) D:6            Lair (5/5) D:9
  Swamp (0/4) Lair:3        Snake (3/4) Lair:2        Slime (0/5) Lair:5
    Orc (2/2) D:10            Elf (0/3) Orc:2       Ossuary (visited)
Volcano (visited)

Altars:
Ashenzari
Fedhas
Gozag
Hepliaklqana
Nemelex Xobeh
Okawaru
Ru
Uskayaw
Vehumet
Jiyva

Shops:
D:8 *   D:9 *   D:10 (   Orc:2 ![*(   Snake:3 :[?

Annotations:
D:7 3 runed translucent doors, hikkokomori's ghost, novice HOFi


Innate Abilities, Weirdness & Mutations

Your life essence is reduced to manifest your ancestor. (-10% HP)
Your demonic aura often causes spilled blood to erupt in flames.
When hurt, damage is shared between your health and your magic reserves.
You regenerate magic rapidly.
When seriously injured, your blood forms thick armour. (AC +9)
You have a tail ending in a sharp stinger.


Message History

You feel as though you will be weak longer.
You block the salamander tyrant's attack.
The naga warrior is engulfed in blazing flames.
You kill the naga warrior!
As you read the scroll of fear, it crumbles to dust.
You assume a fearsome visage.
The naga ritualist looks frightened!
The nagaraja resists with almost no effort.
The salamander tyrant resists with some effort.
The naga ritualist looks frightened!
The naga sharpshooter resists with some effort.
The naga looks frightened!
You feel sick. The nagaraja casts a spell at you.
You feel firmly anchored in space. The nagaraja constricts you.
The naga sharpshooter mumbles some strange words.
The naga sharpshooter magically shoots a bolt.
The bolt hits you!
* * * LOW HITPOINT WARNING * * *
The bolt freezes you.
* * * LOW HITPOINT WARNING * * *
You block the salamander tyrant's attack.
Unknown command.
You feel much better.
You feel sick. The nagaraja spits poison at you.
You block the splash of poison. The nagaraja constricts you.
* * * LOW HITPOINT WARNING * * *
The naga sharpshooter spits poison at you.
The splash of poison hits you but does no damage.
You resist.
The salamander tyrant gazes fiercely through you!
You feel as though you will be weak longer.
The salamander tyrant hits you but does no damage.
Unknown command.
You barely miss the nagaraja.
The nagaraja is moderately wounded.
You feel sick. The nagaraja hits you with a +3 whip!!
* * * LOW HITPOINT WARNING * * *
The nagaraja constricts you.
* * * LOW HITPOINT WARNING * * *
The naga sharpshooter shoots a bolt.
The bolt hits you!
You die...

N.# .# #..........##.# ).# .#
#)...!N....##)## ..# .#
#..............# .#### ##.#
#..........##...#
..#.###..####...N...[.)##.#.#
∩..NSN..###.)..).N......#.#.#
..#.###.....#.))).........#..
.####...#####.)N°N.....#..#
.# ..# ##..#
#..°@°.....#...#.# ..# #..#
#..°.......##..# ..# #...
##........## ...# #.# #.#.
##......## [#.. .# #. #
##..#### #. ##.# #.# #..


You could see a nagaraja (strong), a naga sharpshooter (strong, catching
breath), a salamander tyrant (strong), a naga ritualist (strong, fleeing) and a
naga (strong, fleeing).

Vanquished Creatures
  Nikola (Snake:2)
  A red draconian (Volcano)
  4 hydras
  6 anacondas
  An ogre mage (Volcano)
  2 catoblepae
  8 two-headed ogres
  A centaur warrior (Orc:2)
  7 naga warriors
  4 shock serpents (Snake:2)
  3 naga sharpshooters
  Amaemon (Lair:1)
  4 skysharks
  2 salamander mystics (Snake:3)
  2 naga ritualists
  2 orc knights (Orc:2)
  A bog body (Lair:3)
  8 mana vipers
  Pikel (D:7)
  A cyclops (Orc:2)
  4 salamanders (Snake:3)
  2 guardian serpents
  13 elephants (Lair:5)
  8 naga magi
  16 black mambas
  8 cane toads
  2 rime drakes
  A torpor snail (Lair:1)
  5 komodo dragons
  2 trolls
  2 polar bears (Lair:5)
  6 hornets
  2 blink frogs (Lair:5)
  2 slime creatures (Lair:5)
  9 spriggans (Lair:5)
  6 wyverns
  2 fire bats (Lair:5)
  47 yaks
  6 basilisks
  22 nagas
  3 wargs (Orc:2)
  8 water moccasins
  2 sky beasts (D:7)
  22 orc warriors
  8 black bears
  32 wolves
  3 boggarts (Lair:5)
  16 centaurs
  4 ogres
  A necrophage (D:8)
  A kobold brigand (D:10)
  6 bullfrogs
  2 scorpions
  2 wights (D:8)
  4 killer bees (D:9)
  4 electric eels
  12 orc priests
  A gnoll bouda (D:5)
  A hound (D:6)
  2 jellies
  3 iguanas
  13 orc wizards
  11 gnolls
  6 adders
  A white imp (D:7)
  An ufetubus (D:4)
  A worm (D:3)
  2 dart slugs
  43 orcs
  4 ball pythons
  7 bats
  6 endoplasms
  3 giant cockroaches (D:1)
  2 gnoll zombies (Ossuary)
  3 goblins
  7 hobgoblins
  4 jackals
  12 kobolds
  4 quokkas
  3 frilled lizards
  A goblin zombie (Ossuary)
  2 hobgoblin zombies (Ossuary)
  An orc zombie (Ossuary)
  4 rats
503 creatures vanquished.

Vanquished Creatures (collateral kills)
  A nagaraja (Snake:2)
  A naga warrior (Snake:1)
  A naga sharpshooter (Snake:2)
  3 mana vipers (Snake:2)
  2 salamanders
  6 elephants
  A black mamba (Snake:1)
  Joseph (D:8)
  2 naga magi (Snake:3)
  An orange demon (Lair:2)
  Maggie (D:7)
  2 cane toads
  3 komodo dragons
  A troll (D:8)
  2 polar bears
  2 hornets (Lair:5)
  A blink frog (Lair:5)
  2 spriggans (Lair:5)
  11 yaks
  A wraith (D:10)
  A fire bat (Lair:5)
  3 basilisks
  A steam dragon (D:7)
  4 nagas
  3 water moccasins
  7 orc warriors
  Duvessa (D:6)
  A sky beast (D:6)
  An ice beast (D:6)
  2 ogres
  A boggart (Lair:5)
  6 wolves
  A lemure (D:7)
  2 bullfrogs
  A kobold brigand (D:10)
  A necrophage (D:5)
  Dowan (D:6)
  2 wights (D:8)
  2 killer bees (D:9)
  A hound (D:6)
  5 orc priests
  Crazy Yiuf (D:6)
  A human zombie (Ossuary)
  A jelly (Lair:5)
  7 orc wizards
  2 mummies (Ossuary)
  A gnoll (D:5)
  18 orcs
  3 gnoll zombies (Ossuary)
  4 kobolds (D:10)
  A ball python (D:10)
  A goblin (D:4)
  2 goblin zombies (Ossuary)
  A hobgoblin zombie (Ossuary)
  An orc zombie (Ossuary)
136 creatures vanquished.

Vanquished Creatures (others)
  A black mamba (Snake:2)
  An orc warrior (Orc:2)
  An ancestor (D:5)
  12 battlemagi
  32 fungi
  89 plants
136 creatures vanquished.

Grand Total: 775 creatures vanquished

Notes
Turn   | Place    | Note
-------+----------+-------------------------------------------
     0 | D:1      | Newt the Demonspawn Gladiator began the quest for the Orb.
     0 | D:1      | Reached XP level 1. HP: 16/16 MP: 1/1
    24 | D:1      | Reached skill level 1 in Stealth
    79 | D:1      | Gained mutation: When seriously injured, your blood forms
                  | armour. (AC +9) [demonic ancestry]
    79 | D:1      | Reached XP level 2. HP: 22/22 MP: 2/2
   501 | D:1      | Reached XP level 3. HP: 29/29 MP: 3/3
   932 | D:2      | You fall into a shaft and drop 1 floor!
   955 | D:3      | Identified the +0 robe "Xan Jeng" {Regen+ rCorr Str+2}
   959 | D:3      | Found a hazy altar of Hepliaklqana.
  1018 | D:3      | Became a worshipper of Hepliaklqana the Forgotten
  1100 | D:3      | Reached XP level 4. HP: 24/37 MP: 4/4
  1338 | D:3      | Identified the +5 ring mail of Daffodils {Harm rF+ Str+6}
  1429 | D:3      | Reached XP level 5. HP: 40/42 MP: 5/5
  1871 | D:4      | Found an opulent altar of Gozag.
  1905 | D:4      | Reached XP level 6. HP: 48/48 MP: 6/6
  1908 | D:4      | Identified the +1 mace of the Aged Tusks {flame, Str+2}
  1926 | D:4      | Reached skill level 5 in Short Blades
  2041 | D:4      | Reached * piety under Hepliaklqana
  2052 | D:4      | Noticed a water moccasin
  2064 | D:4      | Killed a water moccasin
  2471 | D:5      | Entered Level 5 of the Dungeon
  2471 | D:5      | Found an iron altar of Okawaru.
  2491 | D:5      | Gained mutation: You regenerate magic rapidly. [demonic
                  | ancestry]
  2491 | D:5      | Reached XP level 7. HP: 31/48 MP: 7/7
  2742 | D:5      | Noticed a hornet
  2750 | D:5      | Killed a hornet
  2751 | D:5      | Reached skill level 5 in Shields
  3025 | D:5      | Gained mutation: When hurt, damage is shared between your
                  | health and your magic reserves. [demonic ancestry]
  3025 | D:5      | Reached XP level 8. HP: 38/54 MP: 8/8
  3456 | D:6      | Reached ** piety under Hepliaklqana
  3468 | D:6      | Remembered your ancestor Kateb as a battlemage
  3545 | D:6      | Found a sand-covered staircase.
  3549 | Ossuary  | Entered an ossuary
  3809 | D:6      | Reached skill level 5 in Armour
  3888 | D:6      | Reached skill level 5 in Fighting
  4098 | D:6      | Noticed Duvessa
  4103 | D:6      | Killed Duvessa
  4107 | D:6      | Noticed Dowan
  4114 | D:6      | Killed Dowan
  4622 | D:6      | Found a staircase to the Ecumenical Temple.
  4848 | D:6      | Found a runed translucent door.
  4849 | D:6      | Noticed Crazy Yiuf
  4851 | D:6      | Identified the +6 hammer "Egg" {freeze, rPois rN+}
  4862 | D:6      | Killed Crazy Yiuf
  5025 | D:7      | Noticed Pikel
  5027 | D:7      | Reached skill level 1 in Maces & Flails
  5039 | D:7      | Killed Pikel
  5040 | D:7      | Reached skill level 4 in Maces & Flails
  5040 | D:7      | Gained mutation: You have a small tail. [demonic ancestry]
  5040 | D:7      | Reached XP level 9. HP: 38/62 MP: 9/9
  5194 | D:7      | Found a radiant altar of Vehumet.
  5212 | D:7      | Noticed Maggie
  5219 | D:7      | Killed Maggie
  5220 | D:7      | Reached skill level 5 in Maces & Flails
  5225 | D:7      | Reached skill level 6 in Maces & Flails
  5251 | D:7      | Reached *** piety under Hepliaklqana
  5329 | D:7      | Reached skill level 7 in Maces & Flails
  5467 | D:7      | Found a sparkling altar of Nemelex Xobeh.
  5492 | D:7      | Found a runed translucent gate.
  5492 | D:7      | Found a runed translucent gate.
  5497 | D:7      | Found a runed translucent gate.
  5497 | D:7      | Noticed hikkokomori's ghost (novice HOFi)
  5649 | D:7      | Found a blossoming altar of Fedhas.
  5649 | D:7      | Found a hide-covered altar of Uskayaw.
  5757 | D:8      | Noticed a troll
  5762 | D:8      | Killed a troll
  5828 | D:8      | Reached skill level 8 in Maces & Flails
  5828 | D:8      | Gained mutation: Your demonic aura sometimes causes spilled
                  | blood to erupt in flames. [demonic ancestry]
  5828 | D:8      | Reached XP level 10. HP: 68/68 MP: 10/10
  5829 | D:8      | Reached skill level 1 in Evocations
  5932 | D:8      | Identified the ring of the Howling Gods {rF++ Will- Str+6
                  | Int+4}
  5998 | D:8      | Noticed Joseph
  6006 | D:8      | Killed Joseph
  6041 | D:8      | Found Zin's Purification Station.
  6105 | D:8      | Found a broken altar of Ashenzari.
  6306 | D:9      | Reached skill level 5 in Evocations
  6326 | D:9      | Found Otsaiw's General Store.
  6335 | D:9      | Found a staircase to the Lair.
  6335 | D:9      | Noticed an elephant
  6344 | D:9      | Killed an elephant
  6443 | D:9      | Noticed a two-headed ogre
  6449 | D:9      | Killed a two-headed ogre
  6702 | D:9      | Noticed a two-headed ogre
  6707 | D:9      | Killed a two-headed ogre
  6708 | D:9      | Gained mutation: When seriously injured, your blood forms
                  | thick armour. (AC +9) [demonic ancestry]
  6708 | D:9      | Reached XP level 11. HP: 72/72 MP: 11/11
  6749 | D:9      | Reached **** piety under Hepliaklqana
  6792 | D:9      | Noticed a two-headed ogre
  6797 | D:9      | Killed a two-headed ogre
  6798 | D:9      | Reached skill level 9 in Maces & Flails
  7031 | D:9      | Bought a scroll of acquirement for 572 gold pieces
  7034 | D:9      | Acquired the ring of Xom's Amusement {Will+ SInv}
  7065 | D:10     | Entered Level 10 of the Dungeon
  7236 | D:10     | Found Wammaowk's Weapon Boutique.
  7239 | D:10     | Found a staircase to the Orcish Mines.
  7497 | D:10     | Reached skill level 10 in Maces & Flails
  7499 | D:10     | Reached skill level 1 in Invocations
  7875 | D:10     | Found a sacrificial altar of Ru.
  8399 | Lair:1   | Entered Level 1 of the Lair of Beasts
  9222 | Lair:2   | Found a staircase to the Snake Pit.
  9233 | Lair:2   | Reached XP level 12. HP: 81/85 MP: 15/15
  9241 | Lair:2   | Noticed Amaemon
  9243 | Lair:2   | Noticed a four-headed hydra
  9244 | Lair:2   | Reached skill level 11 in Maces & Flails
  9244 | Lair:2   | Noticed a catoblepas
  9407 | Lair:1   | Killed a four-headed hydra
  9806 | Lair:1   | Killed a catoblepas
  9807 | Lair:1   | Reached skill level 12 in Maces & Flails
  9812 | Lair:1   | Killed Amaemon
 10138 | Lair:2   | Reached ***** piety under Hepliaklqana
 10566 | Lair:3   | Reached skill level 13 in Maces & Flails
 10887 | Lair:3   | Noticed a seven-headed hydra
 10893 | Lair:3   | Killed a seven-headed hydra
 11468 | Lair:3   | Found a staircase to the Swamp.
 11591 | Lair:4   | Reached skill level 14 in Maces & Flails
 11745 | Lair:4   | Gained mutation: You have a tail ending in a sharp stinger.
                  | [demonic ancestry]
 11745 | Lair:4   | Reached XP level 13. HP: 87/90 MP: 14/16
 12450 | Lair:5   | Entered Level 5 of the Lair of Beasts
 12643 | Lair:5   | Found a dark tunnel.
 12654 | Volcano  | Entered a volcano
 12996 | Volcano  | Noticed a red draconian
 13006 | Volcano  | Killed a red draconian
 13009 | Volcano  | Reached skill level 10 in Armour
 13011 | Volcano  | Reached skill level 1 in Spellcasting
 13653 | Lair:5   | Reached skill level 5 in Spellcasting
 13775 | Lair:5   | Reached XP level 14. HP: 87/97 MP: 19/22
 13992 | Lair:5   | Reached skill level 5 in Invocations
 14350 | Lair:5   | Found a staircase to the Slime Pits.
 14384 | Lair:5   | Found a viscous altar of Jiyva.
 14644 | Lair:5   | Acquired 682 gold pieces
 14804 | Orc:1    | Entered Level 1 of the Orcish Mines
 15371 | Orc:2    | Entered Level 2 of the Orcish Mines
 16111 | Orc:2    | Found a staircase to the Elven Halls.
 16113 | Orc:2    | Reached ****** piety under Hepliaklqana
 16270 | Orc:2    | Found Adibe's Weapon Boutique.
 16271 | Orc:2    | Found Vosoh's Antique Armour Emporium.
 16271 | Orc:2    | Found Zegycaun's Assorted Antiques.
 16274 | Orc:2    | Found Heahe's Distillery.
 16279 | Orc:2    | Bought a potion of heal wounds for 125 gold pieces
 16658 | Snake:1  | Entered Level 1 of the Snake Pit
 16877 | Snake:1  | Identified the +12 flail "Hydrabane" {flame, rElec rC++
                  | rCorr Stlth-}
 17447 | Snake:1  | Found Obi Qih's Antique Weapon Boutique.
 19049 | Snake:2  | Noticed a nagaraja
 19065 | Snake:2  | Killed a nagaraja
 19066 | Snake:2  | Gained mutation: Your demonic aura often causes spilled
                  | blood to erupt in flames. [demonic ancestry]
 19066 | Snake:2  | Reached XP level 15. HP: 82/101 MP: 22/28
 19887 | Snake:3  | Noticed Nikola
 19897 | Snake:2  | Killed Nikola
 19898 | Snake:2  | Reached skill level 10 in Spellcasting
 19898 | Snake:2  | Reached skill level 1 in Ice Magic
 20566 | Snake:3  | Learned a level 3 spell: Frozen Ramparts
 20574 | Snake:3  | Found Xaaff's Magic Scroll Shop.
 20577 | Snake:3  | Found Nuciutt's Armour Boutique.
 20579 | Snake:3  | Found Izug's Book Shop.
 20641 | Snake:3  | Reached skill level 5 in Ice Magic
 21256 | Snake:3  | Noticed a nagaraja
 21427 | Snake:3  | HP: 5/101 [nagaraja/+3 whip (22)]
 21427 | Snake:3  | HP: 1/101 [constriction (4)]
 21427 | Snake:3  | Shot with a bolt by a naga sharpshooter

Illustrated notes

Levels and vault maps discovered:
D:1:      ncdulo_watergridlock, layout_rooms
D:2:      layout_basic, uniq_terence
D:3:      layout_rooms, nicolae_hepliaklqana_hippocampus
D:4:      layout_gridville, elyvilon_altar_1, kennysheep_mini_moat,
          reono_crystal_passage
D:5:      layout_rooms, mainiacjoe_overflow_tiny_flanked
D:6:      layout_loops_corners, minmay_temple_entry_enclosed_plants,
          chequers_ossuary_entry_cave, serial_aquarium, aquarium_bridge_square
          [aquarium_subvault_bridge, aquarium_subvault_bridge,
          aquarium_subvault_balcony, aquarium_subvault_bridge],
          aquarium_window_2, aquarium_window_corridor_3, aquarium_window_1,
          aquarium_view_2e, aquarium_view_2f, aquarium_pool_corner,
          kennysheep_generic_room_15, uniq_duvessa, uniq_crazy_yiuf_cottage
D:7:      layout_cave_pools, mainiacjoe_overflow_paths, old_standard_altar,
          gammafunk_temple_overflow_wave, ebering_ghost_rock_garden,
          uniq_maggie, uniq_pikel
D:8:      layout_cave_pools, zin_purify, cheibrodos_ashenzari_chains,
          uniq_joseph
D:9:      layout_long_grid, david_lair_generic, serial_shops,
          nicolae_shop_waterfront
D:10:     layout_basic, nicolae_ru_great_annihilating_truth, orc_david_3
Lair:1:   layout_misc_corridors, beast_lair_carwin_11, serial_bayou_shore_a
Lair:2:   layout_regular_city, minmay_snake_entry_guardpost_small,
          grunt_megastairs_4, uniq_amaemon
Lair:3:   layout_regular_city, nicolae_swamp_entry_splash_gauntlet,
          amcnicky_mini_pool_medium
Lair:4:   layout_regular_city, grunt_megastairs_2
Lair:5:   minmay_lair_end_enchanted_forest, layout_gridlike,
          minmay_slime_entry_pillars, nicolae_volcano_entry_batcave,
          infiniplex_staircase_pool
Snake:1:  layout_chambers, serial_shops, nicolae_shop_trees, grunt_megastairs_3,
          lemuel_fruit_tree
Snake:2:  layout_layer_cave, grunt_megastairs_1
Snake:3:  layout_rooms, basic_altar, nicolae_snake_snakes_in_the_grass,
          minmay_shop_star, uniq_nikola
Orc:1:    layout_caves, basic_altar, nicolae_orc_lava_room
Orc:2:    st_orc_rangers, layout_caves

Skill      XL: |  1  2  3  4  5  6  7  8  9 10 11 12 13 14 15 |
---------------+----------------------------------------------+-----
Stealth        | 1 |  1.5
Fighting       | 3 4 6 9 |  9.0
Short Blades   | 3 4 5 |  5.7
Shields        | 3 5 8 |  8.0
Armour         | 3 5 8 10 | 10.0
Maces & Flails | 4 8 10 14 | 14.0
Evocations     | 5 9 |  9.0
Invocations    | 4 8 |  8.0
Spellcasting   | 5 9 10 | 10.0
Ice Magic      | 7 |  7.6
Throwing       | |  1.7
Dodging        | |  2.6

Action                     |  1- 3 |  4- 6 |  7- 9 | 10-12 | 13-15 || total
---------------------------+-------+-------+-------+-------+-------++-------
  Melee: Rapier            |    67 |       |       |       |       ||    67
         Dagger            |    50 |   149 |   137 |       |       ||   336
         Mace              |       |       |    54 |   291 |   515 ||   860
         Tailslap          |       |       |     5 |    54 |   110 ||   169
         Demon whip        |       |       |       |       |   174 ||   174
  Throw: Javelin           |     1 |     1 |       |       |       ||     2
         Throwing net      |       |     3 |     3 |       |       ||     6
         Dart              |       |     1 |     5 |     8 |     7 ||    21
   Cast: Frozen Ramparts   |       |       |       |       |     1 ||     1
 Invoke: Recall Ancestor   |       |       |     1 |       |     1 ||     2
         Ancestor Life: Ba |       |       |     1 |       |       ||     1
         Idealise          |       |       |       |       |     1 ||     1
  Evoke: Wand              |       |       |     2 |       |     4 ||     6
    Use: Scroll            |     3 |     4 |     9 |     7 |    12 ||    35
         Potion            |       |       |     1 |       |     7 ||     8
   Stab: Sleeping          |     2 |     1 |       |       |       ||     3
         Distracted        |       |     2 |       |     7 |     9 ||    18
         Held in net/web   |       |       |     1 |       |       ||     1
         Paralysed         |       |       |       |     1 |       ||     1
 Armour: Leather armour    |    44 |       |       |       |       ||    44
         Robe              |     3 |     9 |       |       |       ||    12
         Ring mail         |       |    44 |    66 |   182 |   473 ||   765
  Dodge: Dodged            |    64 |    57 |    71 |   152 |   366 ||   710
  Block: Buckler           |    20 |    23 |    43 |    69 |   226 ||   381

Table legend: (Time is in decaauts)
 A = Elapsed time spent in this place.
 B = Non-inter-level travel time spent in this place.
 C = Inter-level travel time spent in this place.
 D = Time resting spent in this place.
 E = Time spent auto-exploring this place.
 F = Levels seen in this place.
 G = Mean time per level.
                   A        B        C        D        E       F      G
               +--------+--------+--------+--------+--------+-----+--------+
         Total |  21194 |  20220 |    974 |   2822 |  14316 |  22 |  963.4 |
       Dungeon |   8307 |   7780 |    527 |    549 |   5884 |  10 |  830.7 |
          Lair |   5790 |   5541 |    249 |    615 |   4071 |   5 | 1158.0 |
     Snake Pit |   4713 |   4660 |     53 |   1514 |   2646 |   3 | 1571.0 |
  Orcish Mines |   1711 |   1567 |    144 |    144 |   1163 |   2 |  855.5 |
       Ossuary |    153 |    153 |      0 |      0 |     98 |   1 |  153.0 |
       Volcano |    518 |    518 |      0 |      0 |    453 |   1 |  518.0 |
               +--------+--------+--------+--------+--------+-----+--------+

Top non-repeatable levels by time:
 Snake:2: 2647 daAuts
 Snake:1: 1677 daAuts
  Lair:5: 1654 daAuts
     D:6: 1525 daAuts
  Lair:1: 1448 daAuts
    D:10: 1333 daAuts
   Orc:2: 1075 daAuts
  Lair:3: 1019 daAuts
  Lair:4: 896 daAuts
     D:4: 863 daAuts
     D:9: 862 daAuts
     D:5: 843 daAuts
  Lair:2: 770 daAuts
     D:7: 717 daAuts
     D:3: 655 daAuts
